[Event "Saturday 21 April Rapid Engine Tour 12+1 Rounds 9 Starts 1600ST"]
[Site "Infinity Chess"]
[Date "2018.4.21"]
[Round "2"]
[White "hafaba"]
[Black "IronMan"]
[Result "1/2-1/2"]
[ECO "E01"]
[WhiteElo "2449"]
[BlackElo "2450"]
[WhiteEngine "Eman 1.70-beta21 64-bit POPCNT_CTG"]
[BlackEngine "Eman 170b23-EXP2"]
[EventType "Swiss"]
[WhiteTeam ""]
[BlackTeam ""]
[PlyCount "29"]
[TimeControl "720+1"]

1. d4 Nf6 2. c4 e6 3. g3 d5 4. Nf3 Bb4+ 5. Bd2 Be7 6. Bg2 Nbd7 7. Qc2 O-O 
8. O-O c6 9. Rd1 b6 10. Bf4 Bb7 11. Ne5 Nh5 12. Bd2 Nhf6 13. Bf4 Nh5 
14. Bd2 Nhf6 15. Bf4 1/2-1/2

[Event "Saturday 21 April Rapid Engine Tour 12+1 Rounds 9 Starts 1600ST"]
[Site "Infinity Chess"]
[Date "2018.4.21"]
[Round "2"]
[White "ocirema"]
[Black "star99"]
[Result "0-1"]
[ECO "C55"]
[WhiteElo "2449"]
[BlackElo "2453"]
[WhiteEngine "asmFishW_2018-04-15_popcnt_CTG"]
[BlackEngine "Cryptic Heroes 9.4B"]
[EventType "Swiss"]
[WhiteTeam ""]
[BlackTeam ""]
[PlyCount "224"]
[TimeControl "720+1"]

1. e4 e5 2. Nf3 Nc6 3. Bc4 Nf6 4. d3 Be7 5. O-O d6 6. c3 O-O 7. a4 h6 8. Re1 a6 
9. h3 Be6 10. Bxe6 fxe6 11. b4 d5 12. exd5 exd5 13. Nxe5 Nxe5 14. Rxe5 Bd6 
15. Re1 d4 16. cxd4 Nd5 17. Nd2 Bxb4 18. Qb3 c6 19. Re4 Kh7 20. Nc4 a5 
21. Qc2 b5 22. Ne5 Bc3 23. Rb1 b4 24. Be3 Qc7 25. Rc1 Rae8 26. Nc4 Rb8 
27. Rb1 Rf6 28. Qe2 Rbf8 29. Ne5 Rf5 30. Nc4 Nxe3 31. fxe3 Qg3 32. Rg4 Qb8 
33. Rc1 Qc7 34. Re4 Qg3 35. Rg4 Qb8 36. Re4 b3 37. Rxc3 b2 38. Nxb2 Rf2 
39. Rc2 Rxe2 40. Rxe2 Qb3 41. Rf4 Rxf4 42. exf4 Qc3 43. g3 Qxd4+ 44. Kg2 h5 
45. h4 Kh6 46. Rf2 g6 47. Rd2 Qd5+ 48. Kh2 Kg7 49. Nc4 Qc5 50. Re2 Qb4 
51. Nb2 c5 52. Kg2 Qb7+ 53. Kf2 Kf6 54. Rd2 Qb4 55. Re2 Qb7 56. Rd2 Qb3 
57. Kf3 Kf5 58. Kg2 Qb7+ 59. Kh3 Qh1+ 60. Rh2 Qf1+ 61. Rg2 c4 62. dxc4 Ke4 
63. Kh2 Kf3 64. Rd2 Kg4 65. f5 Kxf5 66. Nd3 Ke4 67. Nb2 Ke5 68. Nd3+ Kd4 
69. Nb2+ Ke4 70. Rc2 Kf5 71. c5 Ke6 72. c6 Qf5 73. Rd2 Qc5 74. Nd3 Qxc6 
75. Re2+ Kd6 76. Nb2 Qc1 77. Kg2 Qc3 78. Kf2 Kc5 79. Re5+ Kb4 80. Re2 Qb3 
81. Ke1 Qxg3+ 82. Rf2 Qxh4 83. Ke2 Qxf2+ 84. Kxf2 Kb3 85. Nd3 Kxa4 86. Ke3 Kb3 
87. Kd4 h4 88. Nc5+ Kb4 89. Nd3+ Kb3 90. Nc5+ Kc2 91. Ke3 g5 92. Ke2 g4 
93. Ke3 g3 94. Kf3 Kc3 95. Ke2 Kc4 96. Na4 Kb4 97. Nb2 a4 98. Kf3 a3 
99. Nd3+ Kc3 100. Nc1 Kc2 101. Na2 Kb1 102. Nc3+ Kb2 103. Na4+ Kc2 104. Nc5 a2 
105. Na6 a1=Q 106. Nb4+ Kd2 107. Nc6 Qc3+ 108. Kg4 Qxc6 109. Kg5 g2 
110. Kf4 Qf6+ 111. Ke4 g1=Q 112. Kd5 Qgd4# 0-1

[Event "Saturday 21 April Rapid Engine Tour 12+1 Rounds 9 Starts 1600ST"]
[Site "Infinity Chess"]
[Date "2018.4.21"]
[Round "2"]
[White "Gilgamesch"]
[Black "Thinker"]
[Result "1/2-1/2"]
[ECO "C50"]
[WhiteElo "2451"]
[BlackElo "2449"]
[WhiteEngine "BrainFish_180408_x64_bmi2"]
[BlackEngine "BrainFish_180411_x64_modern_CTG"]
[EventType "Swiss"]
[WhiteTeam ""]
[BlackTeam ""]
[PlyCount "102"]
[TimeControl "720+1"]

1. e4 e5 2. Nf3 Nc6 3. Bc4 Bc5 4. O-O Nf6 5. d3 d6 6. c3 a5 7. Bb3 O-O 8. h3 h6 
9. Re1 Ba7 10. Nbd2 b5 11. a4 b4 12. Bc4 Be6 13. Bb5 Ne7 14. d4 c6 15. Bf1 exd4 
16. Nxd4 Bd7 17. Nc4 d5 18. exd5 cxd5 19. Nd6 Bb8 20. N6b5 Ra6 21. Nf3 bxc3 
22. bxc3 Re6 23. c4 dxc4 24. Bb2 Rxe1 25. Qxe1 Ned5 26. Bxc4 Nf4 27. Rd1 Qc8 
28. Bxf6 gxf6 29. Rc1 Nxg2 30. Qe4 Bf5 31. Qe7 Kg7 32. Nd6 Bxd6 33. Qxd6 Rd8 
34. Qg3+ Kh7 35. Kh2 Rg8 36. Qd6 Rg6 37. Bxf7 Qxc1 38. Bxg6+ Kxg6 39. Kxg2 Be4 
40. Kh2 Bxf3 41. Qg3+ Kf5 42. Qxf3+ Qf4+ 43. Kg2 Qxf3+ 44. Kxf3 Kg5 45. Ke4 f5+ 
46. Ke5 f4 47. f3 h5 48. h4+ Kxh4 49. Kxf4 Kh3 50. Ke5 h4 51. f4 Kg2 1/2-1/2

[Event "Saturday 21 April Rapid Engine Tour 12+1 Rounds 9 Starts 1600ST"]
[Site "Infinity Chess"]
[Date "2018.4.21"]
[Round "2"]
[White "Eman"]
[Black "Time_bandit"]
[Result "1/2-1/2"]
[ECO "D02"]
[WhiteElo "2465"]
[BlackElo "2459"]
[WhiteEngine "Eman 1.70-beta24 64-bit POPCNT"]
[BlackEngine "asmFishW_2018-04-11_bmi2"]
[EventType "Swiss"]
[WhiteTeam ""]
[BlackTeam ""]
[PlyCount "66"]
[TimeControl "720+1"]

1. d4 d5 2. Nf3 Nf6 3. c4 e6 4. Nc3 c6 5. Bg5 h6 6. Bxf6 Qxf6 7. e3 Nd7 
8. Be2 g6 9. O-O Bg7 10. cxd5 exd5 11. b4 a6 12. a4 O-O 13. b5 Qd6 14. bxc6 bxc6 
15. a5 c5 16. Rb1 Rb8 17. Rxb8 Nxb8 18. dxc5 Qxc5 19. Nxd5 Rd8 20. e4 Qxa5 
21. Qc1 Be6 22. Nf4 Rc8 23. Qe3 Ba2 24. e5 Nd7 25. e6 Re8 26. Nd4 Nf8 27. e7 Qa4 
28. exf8=R+ Kxf8 29. Qd2 Bxd4 30. Bd1 Qc4 31. Be2 Qa4 32. Bd1 Qc4 33. Be2 Qa4 
1/2-1/2

[Event "Saturday 21 April Rapid Engine Tour 12+1 Rounds 9 Starts 1600ST"]
[Site "Infinity Chess"]
[Date "2018.4.21"]
[Round "2"]
[White "SkyPilot"]
[Black "MarioDeMonti"]
[Result "1/2-1/2"]
[ECO "C53"]
[WhiteElo "2478"]
[BlackElo "2473"]
[WhiteEngine "stockfish_x64_bmi2_2018_04_07_CTG"]
[BlackEngine "stockfish_x64_bmi2_2018_02_18_CTG"]
[EventType "Swiss"]
[WhiteTeam ""]
[BlackTeam ""]
[PlyCount "129"]
[TimeControl "720+1"]

1. e4 e5 2. Nf3 Nc6 3. Bc4 Bc5 4. c3 Nf6 5. d3 d6 6. O-O O-O 7. h3 a5 
8. Nbd2 Be6 9. Bb5 h6 10. Re1 Qb8 11. Nf1 Qa7 12. Ne3 a4 13. Re2 Rfb8 
14. Nf5 Bxf5 15. exf5 Bb6 16. Qc2 Re8 17. Nh2 Qa5 18. Bxc6 bxc6 19. Ng4 Nxg4 
20. hxg4 Qd5 21. Re4 f6 22. g3 c5 23. Kg2 Qc6 24. c4 Reb8 25. Be3 Kf7 26. f4 Kg8 
27. Rh1 Re8 28. fxe5 Rxe5 29. Bf4 Re7 30. Rhe1 Ba5 31. R1e2 Rae8 32. R2e3 Kf8 
33. Kg1 Kf7 34. Kf1 Kf8 35. Kg1 Kf7 36. Kf1 Kf8 37. Kf2 Qb7 38. Re2 Qc6 
39. Kf3 Kf7 40. a3 Rxe4 41. Rxe4 Qd7 42. Qe2 Qc6 43. Qc2 Qd7 44. Ke2 Rxe4+ 
45. dxe4 Qc6 46. Kf2 Kf8 47. Kf3 Be1 48. Qd1 Ba5 49. Qc2 Qd7 50. Be3 Qe8 
51. Bf4 h5 52. g5 fxg5 53. Bxg5 g6 54. fxg6 Qxg6 55. Qc1 Qe6 56. Qf4+ Ke8 
57. g4 hxg4+ 58. Qxg4 Qxg4+ 59. Kxg4 Be1 60. Kf3 Kd7 61. Bf4 Ba5 62. e5 Be1 
63. exd6 cxd6 64. Ke4 Ke6 65. Kd3 1/2-1/2

[Event "Saturday 21 April Rapid Engine Tour 12+1 Rounds 9 Starts 1600ST"]
[Site "Infinity Chess"]
[Date "2018.4.21"]
[Round "2"]
[White "Marsell"]
[Black "Katzenmaier"]
[Result "1/2-1/2"]
[ECO "C55"]
[WhiteElo "2483"]
[BlackElo "2482"]
[WhiteEngine "BrainFish_180418_x64_bmi2"]
[BlackEngine "Raubfisch X38a."]
[EventType "Swiss"]
[WhiteTeam ""]
[BlackTeam ""]
[PlyCount "158"]
[TimeControl "720+1"]

1. e4 e5 2. Nf3 Nc6 3. Bc4 Nf6 4. d3 Bc5 5. c3 d6 6. O-O O-O 7. h3 a6 8. Re1 Ba7 
9. Bb3 h6 10. Nbd2 Re8 11. Nf1 Be6 12. Bc2 d5 13. Qe2 b5 14. Bd2 Qd7 15. Ng3 d4 
16. a4 Bc5 17. Rec1 Qd6 18. Nh4 Ne7 19. Qe1 Bb6 20. Nf3 Nc6 21. Rab1 Red8 
22. b4 dxc3 23. Bxc3 Rac8 24. Qd2 Nh7 25. a5 Ba7 26. Ba1 f6 27. Nf5 Bxf5 
28. exf5 Nf8 29. Qe1 Kh7 30. Qe4 Bd4 31. Bxd4 exd4 32. Bb3 Nxb4 33. Be6 Nd7 
34. Qxd4 Qxd4 35. Nxd4 c5 36. Nxb5 axb5 37. Bxd7 Rxd7 38. Rxb4 cxb4 39. Rxc8 Ra7 
40. Rc1 Rxa5 41. Rb1 Ra4 42. f3 g6 43. fxg6+ Kxg6 44. Kf2 Kf5 45. g3 Ke6 
46. Ke3 Kd5 47. g4 Ke5 48. f4+ Kd5 49. h4 Kc5 50. h5 Ra3 51. Ke4 b3 52. Kf5 Kd4 
53. Kxf6 Kxd3 54. g5 Kc2 55. Rg1 b2 56. g6 b1=Q 57. Rxb1 Kxb1 58. f5 b4 
59. Ke6 b3 60. g7 Ra6+ 61. Ke5 Ra5+ 62. Kf4 Ra4+ 63. Kg3 Ra8 64. f6 b2 
65. f7 Kc2 66. f8=Q b1=Q 67. Qxa8 Qe1+ 68. Kg2 Qe2+ 69. Kh3 Qxh5+ 70. Kg2 Qg5+ 
71. Kf1 Qxg7 72. Qd5 Qg5 73. Qe4+ Kc1 74. Qe1+ Kb2 75. Qb4+ Ka1 76. Qc3+ Kb1 
77. Qc4 Qh5 78. Qe4+ Ka1 79. Qe1+ Ka2 1/2-1/2

[Event "Saturday 21 April Rapid Engine Tour 12+1 Rounds 9 Starts 1600ST"]
[Site "Infinity Chess"]
[Date "2018.4.21"]
[Round "2"]
[White "KQRBNP"]
[Black "Susanne"]
[Result "1/2-1/2"]
[ECO "A46"]
[WhiteElo "2368"]
[BlackElo "2526"]
[WhiteEngine "Eman 1.70-beta24 64-bit POPCNT"]
[BlackEngine "stockfish_jvv19_x64_bmi2_CTG"]
[EventType "Swiss"]
[WhiteTeam ""]
[BlackTeam ""]
[PlyCount "156"]
[TimeControl "720+1"]

1. d4 Nf6 2. Nf3 d5 3. c4 e6 4. g3 Bb4+ 5. Bd2 Be7 6. Qc2 c6 7. Bg2 b6 
8. O-O Bb7 9. Bf4 Nbd7 10. Rd1 Rc8 11. Nc3 dxc4 12. Nd2 Nd5 13. Nxc4 Nxf4 
14. gxf4 O-O 15. a3 Qc7 16. e3 a5 17. Qe4 Rfd8 18. Rac1 Ba6 19. Ne5 Nxe5 
20. fxe5 Bc4 21. Qg4 Bb3 22. Rd3 a4 23. Ne4 c5 24. Rdc3 h6 25. Bf3 Kh7 
26. Ng3 Bd5 27. Bxd5 Rxd5 28. Nh5 g6 29. Ng3 Rf8 30. Rc4 Qb8 31. Ne4 cxd4 
32. exd4 Rd7 33. Rd1 Kg7 34. Rc3 h5 35. Qf4 f6 36. exf6+ Bxf6 37. Qxb8 Rxb8 
38. Nxf6 Kxf6 39. Rc6 Ke7 40. Rd3 Rd6 41. Rc7+ Rd7 42. Rc6 h4 43. Kg2 Rd6 
44. Rc7+ Kf6 45. Rf3+ Kg5 46. Rc4 b5 47. Rc5+ Rd5 48. b4 Rbd8 49. h3 Rf5 
50. Rfxf5+ gxf5 51. Rxb5 Rxd4 52. Ra5 e5 53. Ra8 e4 54. Rxa4 Rd2 55. Kg1 Rb2 
56. Ra5 Kf4 57. Kf1 Rb1+ 58. Kg2 Rb3 59. Kh2 Rb1 60. Kg2 Rb3 61. Ra6 Rb2 
62. Rc6 e3 63. Rc4+ Kg5 64. Kf3 exf2 65. Kg2 Rb3 66. a4 Rxh3 67. Kxf2 f4 
68. Rc8 Rh2+ 69. Kf3 Rh3+ 70. Kg2 Rg3+ 71. Kf2 Ra3 72. a5 h3 73. Rh8 Kg4 
74. Rg8+ Kh5 75. b5 Rxa5 76. Kf3 h2 77. Rh8+ Kg5 78. Rxh2 Rxb5 1/2-1/2

[Event "Saturday 21 April Rapid Engine Tour 12+1 Rounds 9 Starts 1600ST"]
[Site "Infinity Chess"]
[Date "2018.4.21"]
[Round "1"]
[White "MedusaV3"]
[Black "ocirema"]
[Result "1/2-1/2 "]
[ECO "D00"]
[WhiteElo "2374"]
[BlackElo "2452"]
[WhiteEngine "Eman 1.70-beta23 64-bit BMI2_CTG"]
[BlackEngine "asmFishW_2018-04-15_popcnt_CTG"]
[EventType "Swiss"]
[WhiteTeam ""]
[BlackTeam ""]
[PlyCount "198"]
[TimeControl "720+1"]

1. d4 d5 2. e3 e6 3. Nf3 Nf6 4. Nbd2 c5 5. b3 Nbd7 6. Bb2 b6 7. Bd3 Bb7 
8. O-O Be7 9. Qe2 O-O 10. Rfd1 Qc7 11. Rac1 cxd4 12. exd4 Qf4 13. Re1 Rac8 
14. c3 Qh6 15. Rcd1 Rfd8 16. a4 a5 17. Bb1 Nh5 18. g3 Nhf6 19. Kg2 g6 
20. Bd3 Rc7 21. Bb5 Rdc8 22. h3 Qf8 23. h4 Ng4 24. Kg1 Qd8 25. Nh2 Nxh2 
26. Kxh2 Nf6 27. Kg1 Bf8 28. Bd3 Bh6 29. Rb1 Bg7 30. Rbd1 Qd6 31. Ra1 Nh5 
32. Qe3 Nf6 33. Qe2 Qf8 34. Rad1 Qe7 35. Ra1 Qd7 36. Bb5 Qd8 37. Bd3 Bh6 
38. Rab1 Qd6 39. Kg2 Bg7 40. Ra1 Bf8 41. Rab1 Bg7 42. Kg1 Nh5 43. Nf3 Nf6 
44. Nd2 Qd8 45. Ra1 Qd7 46. Bb5 Qe7 47. Bd3 Qe8 48. Bb5 Qf8 49. Bd3 Qd8 
50. Rad1 Qf8 51. Rc1 Qe8 52. Rb1 Bf8 53. Rbd1 Qe7 54. Ra1 Bg7 55. Kg2 h5 
56. Kg1 Bh6 57. Rad1 Bg7 58. Rc1 Qd6 59. Rc2 Ng4 60. Nf3 Re8 61. Bb5 Bc6 
62. Bc1 e5 63. dxe5 Nxe5 64. Rd1 Nxf3+ 65. Qxf3 d4 66. Bxc6 Rxc6 67. Bf4 Qe6 
68. c4 Qc8 69. Re2 Rxe2 70. Qxe2 Re6 71. Qf3 Qd8 72. Kg2 Qe7 73. Rc1 Kh7 
74. Bg5 Qf8 75. Rc2 Re8 76. Rd2 Re6 77. Re2 Rxe2 78. Qxe2 Qb4 79. Qe7 Qxb3 
80. Qxf7 Qxa4 81. Qc7 Kg8 82. Qd8+ Kh7 83. Qc7 Kg8 84. Qxb6 Qc2 85. Qxa5 Qxc4 
86. Qd8+ Kh7 87. Qe7 d3 88. Kg1 Qd4 89. Bd2 Qb2 90. Qe3 Qc2 91. Kg2 Qc6+ 
92. Qf3 Qd7 93. Qe4 Bh6 94. f4 Bg7 95. Kf2 Bd4+ 96. Kg2 Bb2 97. Kf2 Bg7 
98. Kg2 Ba1 99. Qe3 Qd5+ 1/2-1/2

[Event "Saturday 21 April Rapid Engine Tour 12+1 Rounds 9 Starts 1600ST"]
[Site "Infinity Chess"]
[Date "2018.4.21"]
[Round "1"]
[White "Thinker"]
[Black "angriff"]
[Result "1/2-1/2"]
[ECO "C55"]
[WhiteElo "2452"]
[BlackElo "2382"]
[WhiteEngine "BrainFish_180411_x64_modern_CTG"]
[BlackEngine "DracoREX 3.07 64BIT POPCNT_CTG"]
[EventType "Swiss"]
[WhiteTeam ""]
[BlackTeam ""]
[PlyCount "131"]
[TimeControl "720+1"]

1. e4 e5 2. Nf3 Nc6 3. Bc4 Nf6 4. d3 Bc5 5. c3 d6 6. O-O O-O 7. h3 a5 8. Nbd2 h6 
9. Re1 Be6 10. a4 Bb6 11. b3 d5 12. Bb5 Ne7 13. exd5 Nfxd5 14. Qc2 c6 
15. Bc4 Ng6 16. d4 Ndf4 17. dxe5 Nh4 18. Bf1 Bd5 19. Re4 Nfg6 20. Bc4 Re8 
21. g3 Nxf3+ 22. Nxf3 Qd7 23. Bxd5 cxd5 24. Rg4 Qc6 25. Nd4 Bxd4 26. Rxd4 Nxe5 
27. Kg2 Rab8 28. Bf4 b5 29. Ra2 bxa4 30. bxa4 g5 31. Bxe5 Rxe5 32. Qd1 Kg7 
33. Re2 Rbe8 34. Rxe5 Rxe5 35. Qd3 Qf6 36. h4 Qc6 37. hxg5 hxg5 38. Qc2 Re4 
39. Qc1 Kg6 40. Qb1 Kf6 41. Qb8 Rxd4 42. cxd4 Qxa4 43. Qd6+ Kg7 44. Qxd5 f6 
45. Qd6 Qc4 46. Qd7+ Qf7 47. Qb5 Qe6 48. Qxa5 Qe4+ 49. Kh2 Qh7+ 50. Kg1 Qb1+ 
51. Kg2 Qe4+ 52. Kh2 Qxd4 53. Qf5 Qe5 54. Qc2 Kh6 55. f3 Qe3 56. Kg2 Qe5 
57. Qc6 Qe2+ 58. Kh3 Qf1+ 59. Kg4 Qa1 60. Qd7 Qh1 61. Qc6 Qh5+ 62. Kf5 g4+ 
63. Ke4 gxf3 64. Qxf6+ Qg6+ 65. Qxg6+ Kxg6 66. Kxf3 1/2-1/2

[Event "Saturday 21 April Rapid Engine Tour 12+1 Rounds 9 Starts 1600ST"]
[Site "Infinity Chess"]
[Date "2018.4.21"]
[Round "1"]
[White "Vimtiroba"]
[Black "Gilgamesch"]
[Result "1/2-1/2"]
[ECO "C65"]
[WhiteElo "2409"]
[BlackElo "2453"]
[WhiteEngine "AsmFish A12_CTG"]
[BlackEngine "BrainFish_180408_x64_bmi2"]
[EventType "Swiss"]
[WhiteTeam ""]
[BlackTeam ""]
[PlyCount "104"]
[TimeControl "720+1"]

1. e4 e5 2. Nf3 Nc6 3. Bb5 Nf6 4. O-O Nxe4 5. Re1 Nd6 6. Nxe5 Be7 7. Bf1 Nxe5 
8. Rxe5 O-O 9. d4 Bf6 10. Re1 Re8 11. Bf4 Rxe1 12. Qxe1 Ne8 13. c3 c6 14. Nd2 d5 
15. h3 Bf5 16. g4 Bg6 17. Qe3 Nd6 18. Re1 a5 19. Nf3 h6 20. Ne5 Be4 21. f3 Bc2 
22. Bg3 Bh4 23. Bxh4 Qxh4 24. Qf2 Qxf2+ 25. Kxf2 f6 26. Nd7 Rd8 27. Nb6 Kf7 
28. b3 Nc8 29. Na4 Nd6 30. Rc1 Bg6 31. c4 dxc4 32. bxc4 Nc8 33. d5 Ne7 
34. f4 Be4 35. Nc5 cxd5 36. f5 Nc6 37. Nxb7 Rb8 38. cxd5 Bxd5 39. Nd6+ Kf8 
40. Rc5 Rb2+ 41. Ke3 Nb4 42. a4 Nc2+ 43. Kd2 Nb4+ 44. Ke3 Nc2+ 45. Kd3 Nb4+ 
46. Kd4 Bh1 47. Rc8+ Ke7 48. Nc4 Rc2 49. Rc7+ Kf8 50. Rc8+ Ke7 51. Rc7+ Kf8 
52. Rc8+ Ke7 1/2-1/2

[Event "Saturday 21 April Rapid Engine Tour 12+1 Rounds 9 Starts 1600ST"]
[Site "Infinity Chess"]
[Date "2018.4.21"]
[Round "1"]
[White "Time_bandit"]
[Black "MiKachomiKa QueeN"]
[Result "1/2-1/2"]
[ECO "C19"]
[WhiteElo "2461"]
[BlackElo "2411"]
[WhiteEngine "asmFishW_2018-04-11_bmi2"]
[BlackEngine "stockfish_18041819_x64_modern_CTG"]
[EventType "Swiss"]
[WhiteTeam ""]
[BlackTeam ""]
[PlyCount "139"]
[TimeControl "720+1"]

1. e4 e6 2. d4 d5 3. Nc3 Bb4 4. e5 c5 5. a3 Bxc3+ 6. bxc3 Ne7 7. Qg4 O-O 
8. Bd3 f5 9. exf6 Rxf6 10. Bg5 Rf7 11. Qh5 g6 12. Qd1 Qa5 13. Bd2 Nbc6 
14. Nf3 Qc7 15. dxc5 e5 16. Ng5 Rf8 17. c4 e4 18. cxd5 exd3 19. d6 Qd8 
20. dxe7 Qxe7+ 21. Be3 Rf5 22. Nf3 Qf6 23. O-O Rxf3 24. gxf3 Bh3 25. cxd3 Rd8 
26. f4 Bxf1 27. Kxf1 Qc3 28. Rb1 Rxd3 29. Qf3 Qc4 30. Kg2 Qf7 31. a4 Rd7 
32. h3 Qf5 33. Rb2 Kf7 34. Kh2 Qf6 35. Rb5 Ke8 36. Rb1 Qe6 37. Qg4 Qd5 
38. Qh4 Qe6 39. Rb5 Qe7 40. Qg5 Kd8 41. Rb2 Kc7 42. Qg2 Qf6 43. Rb1 Qf5 
44. Rc1 Qd3 45. Qg3 Qf5 46. Qg4 Rd5 47. Qh4 Rd7 48. Qh6 Re7 49. Qh4 Rd7 
50. Rg1 Qe4 51. Qf6 Nd4 52. c6 bxc6 53. Rc1 Nf5 54. Qc3 Nxe3 55. fxe3 Rd6 
56. h4 Rd7 57. a5 Rd3 58. Qg7+ Rd7 59. Qc3 Rd6 60. a6 Rd7 61. Rc2 Rd1 
62. Qg7+ Kd6 63. Qf8+ Kc7 64. Qf7+ Kd8 65. Qf6+ Kc7 66. Qf7+ Kd8 67. Qf8+ Kc7 
68. Qg7+ Kd6 69. Qf6+ Kc7 70. Qg7+ 1/2-1/2

[Event "Saturday 21 April Rapid Engine Tour 12+1 Rounds 9 Starts 1600ST"]
[Site "Infinity Chess"]
[Date "2018.4.21"]
[Round "1"]
[White "Dovahkiin"]
[Black "Eman"]
[Result "1/2-1/2"]
[ECO "C55"]
[WhiteElo "2425"]
[BlackElo "2467"]
[WhiteEngine "BrainFish_180418_x64_modern_CTG"]
[BlackEngine "Eman 1.70-beta24 64-bit POPCNT"]
[EventType "Swiss"]
[WhiteTeam ""]
[BlackTeam ""]
[PlyCount "109"]
[TimeControl "720+1"]

1. e4 e5 2. Nf3 Nc6 3. Bc4 Nf6 4. d3 Bc5 5. O-O O-O 6. c3 d6 7. Bg5 h6 
8. Bh4 Na5 9. b4 Nxc4 10. bxc5 Na5 11. cxd6 cxd6 12. c4 Bg4 13. h3 Bxf3 
14. Qxf3 g5 15. Bg3 Nc6 16. Nc3 Rb8 17. Ne2 Re8 18. Rad1 Rc8 19. d4 Qe7 
20. Rfe1 b6 21. Bh2 Kh7 22. dxe5 dxe5 23. Nc3 Kg7 24. Nd5 Qe6 25. Rc1 Na5 
26. c5 b5 27. h4 gxh4 28. Ne3 Nc4 29. Nf5+ Kh7 30. Qh3 Rg8 31. Rc3 Rxc5 
32. Qxh4 Rg6 33. Rg3 Ng8 34. Rd3 Rc8 35. Bg3 Nf6 36. f3 a5 37. Kh1 Rc7 
38. Kh2 b4 39. Rc1 a4 40. Rb1 Rb7 41. Bf2 Rb5 42. Rd8 b3 43. axb3 Rxb3 
44. Rbd1 Rb2 45. Nxh6 Rxh6 46. Rh8+ Kxh8 47. Qxh6+ Kg8 48. Rd8+ Ne8 
49. Rxe8+ Qxe8 50. Qg5+ Kh7 51. Qf5+ Kh6 52. Qf6+ Kh7 53. Qf5+ Kh6 54. Qf6+ Kh7 
55. Qf5+ 1/2-1/2

[Event "Saturday 21 April Rapid Engine Tour 12+1 Rounds 9 Starts 1600ST"]
[Site "Infinity Chess"]
[Date "2018.4.21"]
[Round "1"]
[White "MarioDeMonti"]
[Black "Deep_Impact"]
[Result "1/2-1/2 "]
[ECO "C53"]
[WhiteElo "2475"]
[BlackElo "2435"]
[WhiteEngine "stockfish_x64_bmi2_2018_02_18_CTG"]
[BlackEngine "BrainFish_180411_x64_bmi2"]
[EventType "Swiss"]
[WhiteTeam ""]
[BlackTeam ""]
[PlyCount "202"]
[TimeControl "720+1"]

1. e4 e5 2. Nf3 Nc6 3. Bc4 Bc5 4. c3 Nf6 5. d3 d6 6. O-O a5 7. Re1 Ba7 
8. Nbd2 O-O 9. Nf1 Be6 10. Bb5 Ne7 11. d4 exd4 12. Nxd4 Ng6 13. Ba4 h6 
14. Be3 Bc8 15. Bc2 Re8 16. h3 Bd7 17. Ng3 a4 18. Qd3 b5 19. Rad1 Ne5 
20. Qe2 Nc4 21. Bc1 Bc5 22. Ndf5 Bb6 23. Qf3 Ne5 24. Qf4 Nh7 25. Nh5 Bxf5 
26. exf5 Qg5 27. Qxg5 hxg5 28. Kf1 Nf6 29. Nxf6+ gxf6 30. Be4 Rab8 31. g3 Kg7 
32. Re2 Re7 33. Bg2 Ree8 34. Ree1 Rh8 35. f4 gxf4 36. gxf4 Rh5 37. Re2 Nd7 
38. Re7 Nc5 39. Bd5 Rf8 40. Kg2 Rxf5 41. Kh2 Rh5 42. Rg1+ Kh8 43. Rxf7 Re8 
44. Bf3 Rh7 45. Rxh7+ Kxh7 46. Bc6 Re7 47. Bxb5 Nb3 48. Bd3+ Kh8 49. Rf1 Nxc1 
50. Rxc1 Kg7 51. Rc2 Re3 52. Rg2+ Kf8 53. Rg3 Re1 54. h4 Rd1 55. Be4 d5 
56. Bf3 Rd2+ 57. Rg2 Be3 58. Rxd2 Bxd2 59. Bxd5 Bxf4+ 60. Kh3 Bc1 61. b3 a3 
62. Kg3 Kg7 63. Kg4 Be3 64. c4 c5 65. h5 Bd4 66. Kf5 Kh6 67. Bf3 Bc3 68. Bg4 Kg7 
69. Kf4 Bd2+ 70. Ke4 Kh6 71. Kd5 Bb4 72. Bd1 Kg5 73. Bf3 f5 74. Be2 f4 
75. Bf3 Kf6 76. Kd6 Kg5 77. Ke5 Bd2 78. Bd1 Ba5 79. Bf3 Be1 80. Bd1 Bc3+ 
81. Ke4 Bd2 82. Bf3 Be1 83. Kd5 Bb4 84. Kc6 Kf5 85. Be2 Kg5 86. Kc7 Kh6 
87. Kd8 Kg5 88. Kc7 Ba5+ 89. Kd7 Bc3 90. Kc7 Kf5 91. Kc6 Bb4 92. Kb5 Kg5 
93. Ka6 Kh6 94. Bd1 Kg5 95. Kb7 Kf6 96. Be2 Kg5 97. Kc6 Kf5 98. Bf3 Kg5 
99. Kc7 Ba5+ 100. Kd7 Bc3 101. Kc7 Bb4 1/2-1/2

[Event "Saturday 21 April Rapid Engine Tour 12+1 Rounds 9 Starts 1600ST"]
[Site "Infinity Chess"]
[Date "2018.4.21"]
[Round "1"]
[White "KhalidOmar"]
[Black "SkyPilot"]
[Result "1/2-1/2"]
[ECO "C58"]
[WhiteElo "2447"]
[BlackElo "2479"]
[WhiteEngine "Eman 1.70-beta24 64-bit BMI2"]
[BlackEngine "stockfish_x64_bmi2_2018_04_07_CTG"]
[EventType "Swiss"]
[WhiteTeam ""]
[BlackTeam ""]
[PlyCount "118"]
[TimeControl "720+1"]

1. e4 e5 2. Nf3 Nc6 3. Bc4 Nf6 4. Ng5 d5 5. exd5 Na5 6. Bb5+ c6 7. dxc6 bxc6 
8. Be2 h6 9. Nh3 Bc5 10. d3 Nb7 11. Nc3 O-O 12. O-O Bf5 13. Kh1 Re8 14. g4 Bd7 
15. f4 exf4 16. Nxf4 Rb8 17. Bf3 Bd4 18. Rb1 Nd6 19. Bd2 Qc8 20. h3 h5 
21. g5 Nh7 22. Bg2 Nxg5 23. Qxh5 Qd8 24. Nfe2 Be3 25. Bxe3 Rxe3 26. Nd4 Rg3 
27. Rf4 Bxh3 28. Rh4 Bxg2+ 29. Kh2 Rh3+ 30. Kxg2 Rxh4 31. Qxh4 Qb6 32. Rh1 f6 
33. Qh8+ Kf7 34. Qh5+ Kg8 35. Qh8+ Kf7 36. Qh5+ g6 37. Qg4 Qb7 38. Nf3 c5 
39. Ne4 Ndxe4 40. dxe4 Qxe4 41. Rh7+ Kg8 42. Qxe4 Nxe4 43. Re7 f5 44. b3 g5 
45. Rxa7 Rc8 46. a4 Re8 47. a5 g4 48. a6 gxf3+ 49. Kxf3 Ng5+ 50. Kf4 Ne6+ 
51. Kxf5 Nd4+ 52. Kg5 Nxc2 53. Rd7 Kf8 54. Rc7 Nd4 55. Rb7 c4 56. bxc4 Re5+ 
57. Kh6 Re8 58. a7 Nc6 59. Rb8 Rxb8 1/2-1/2

[Event "Saturday 21 April Rapid Engine Tour 12+1 Rounds 9 Starts 1600ST"]
[Site "Infinity Chess"]
[Date "2018.4.21"]
[Round "1"]
[White "Katzenmaier"]
[Black "hafaba"]
[Result "1/2-1/2"]
[ECO "D30"]
[WhiteElo "2483"]
[BlackElo "2448"]
[WhiteEngine "Raubfisch X38a."]
[BlackEngine "Eman 1.70-beta21 64-bit POPCNT_CTG"]
[EventType "Swiss"]
[WhiteTeam ""]
[BlackTeam ""]
[PlyCount "113"]
[TimeControl "720+1"]

1. d4 d5 2. c4 e6 3. Nf3 Nf6 4. Nc3 c6 5. Bg5 h6 6. Bh4 dxc4 7. e4 g5 8. Bg3 b5 
9. Be2 Bb7 10. h4 g4 11. Ne5 Nbd7 12. Nxd7 Qxd7 13. Be5 Qe7 14. O-O Rg8 
15. b3 Bg7 16. Qc2 Nh5 17. Bxg7 Rxg7 18. g3 Qd6 19. e5 Qxd4 20. Ne4 Qxe5 
21. Rad1 Kf8 22. Rfe1 c5 23. Bxc4 bxc4 24. Nd6 Qf6 25. Nxb7 Qf3 26. Qd2 Qxb7 
27. Qxh6 Nxg3 28. fxg3 Kg8 29. bxc4 Qf3 30. Qe3 Qxe3+ 31. Rxe3 Rb8 32. Re5 Rb2 
33. a4 Ra2 34. Rxc5 Rxa4 35. Rc8+ Kh7 36. Rc1 f5 37. c5 Rb7 38. c6 Rb3 
39. Re8 Rxg3+ 40. Kh1 Rf3 41. Kg1 Rh3 42. h5 Ra2 43. c7 Rg3+ 44. Kf1 Rf3+ 
45. Ke1 Rh3 46. Re7+ Kh6 47. Rxe6+ Kg5 48. Kd1 Rh1+ 49. Re1 Rhh2 50. Rg1 Rad2+ 
51. Ke1 Kxh5 52. c8=Q Rhe2+ 53. Kf1 Rf2+ 54. Ke1 Rde2+ 55. Kd1 Rd2+ 
56. Ke1 Rfe2+ 57. Kf1 1/2-1/2

[Event "Saturday 21 April Rapid Engine Tour 12+1 Rounds 9 Starts 1600ST"]
[Site "Infinity Chess"]
[Date "2018.4.21"]
[Round "1"]
[White "IronMan"]
[Black "Marsell"]
[Result "1/2-1/2"]
[ECO "D10"]
[WhiteElo "2449"]
[BlackElo "2484"]
[WhiteEngine "Eman 170b23-EXP2"]
[BlackEngine "BrainFish_180418_x64_bmi2"]
[EventType "Swiss"]
[WhiteTeam ""]
[BlackTeam ""]
[PlyCount "56"]
[TimeControl "720+1"]

1. d4 d5 2. c4 c6 3. cxd5 cxd5 4. Bf4 Nc6 5. e3 Nf6 6. Nc3 a6 7. Nf3 Bg4 
8. h3 Bxf3 9. Qxf3 e6 10. Be2 Bd6 11. Bg5 Rc8 12. Rc1 h6 13. Bxf6 gxf6 
14. O-O f5 15. g3 Kf8 16. Bd3 Qg5 17. a3 Rg8 18. Kh1 h5 19. h4 Qg4 20. Qxg4 fxg4 
21. Na4 Ke7 22. Nb6 Rc7 23. Rc2 Rb8 24. Rfc1 Kd8 25. Na4 Rbc8 26. Nb6 Rb8 
27. Na4 Rbc8 28. Nb6 Rb8 1/2-1/2